 Dungeon Crawl Stone Soup version 0.31-a0-60-g62046a28e0 (webtiles) character file.

Game seed: 10771067527277643585

37 Escartes the Ruffian (level 3, -5/28 HPs)
             Began as a Draconian Transmuter on May 22, 2023.
             Was an Initiate of Vehumet.
             Slain by Sigmund
             ... wielding a +0 scythe
              (9 damage)
             ... on level 3 of the Dungeon.
             The game lasted 00:25:29 (1545 turns).

Escartes the Ruffian (Draconian Transmuter)         Turns: 1545, Time: 00:25:30

Health: -5/28      AC:  5    Str: 14    XL:     3   Next: 21%
Magic:  6/6        EV: 12    Int: 13    God:    Vehumet [......]
Gold:   111        SH:  0    Dex: 11    Spells: 5/6 levels left

rFire   + . .        f - +1 dagger
rCold   x . .        (no shield)
rNeg    . . .        (body armour unavailable)
rPois   .            (helmet restricted)
rElec   .            (no cloak)
rCorr   .            (no gloves)
SInv    .            (no boots)
Will    .....        n - amulet of reflection
Stlth   +            p - ring of fire
HPRegen 0.24/turn    (no ring)
MPRegen 0.10/turn

%: reflection
@: confused
A: AC +5, unfitting armour, cold-blooded
a: Renounce Religion


You were on level 3 of the Dungeon.
You worshipped Vehumet.
Vehumet was noncommittal.
You visited 1 branch of the dungeon, and saw 3 of its levels.

You collected 111 gold pieces.

Inventory:

Hand Weapons
 e - a +0 dagger
 f - a +1 dagger (weapon)
 j - a +0 dagger
 k - a +0 dagger
 s - a +0 morningstar
Missiles
 g - 11 stones (quivered)
 o - 3 poisoned darts
Armour
 c - a +0 robe
 h - a +0 leather armour
 l - a +0 robe
 m - a +0 helmet
 q - the +1 robe "Zaum" {Will- Dex+5}
   (You found it on level 3 of the Dungeon)

   Dex:       It affects your dexterity (+5).
   Will:      It decreases your willpower.
 r - a +0 chain mail
Jewellery
 n - an amulet of reflection (around neck)
 p - a ring of fire (left hand)
Scrolls
 d - a scroll of enchant armour {unknown}
Potions
 a - a potion of lignification
 b - a potion of curing {unknown}
 i - a potion of cancellation {unknown}


   Skills:
 + Level 1.1 Fighting
 + Level 2.0 Dodging
 + Level 3.6 Unarmed Combat
 + Level 2.4 Spellcasting
 + Level 2.2 Transmutations


You had 5 spell levels left.
You knew the following spells:

 Your Spells              Type           Power      Damage    Failure   Level
a - Beastly Appendage     Tmut           14%        N/A       10%         1

Your spell library contained the following spells:

 Spells                   Type           Power      Damage    Failure   Level
 Wereblood                Tmut           7%         N/A       14%         2
 Magic Dart               Conj           4%         1d3       24%         1
 Call Imp                 Summ           2%         N/A       36%         2
 Spider Form              Tmut/Pois      3%         N/A       45%         3
 Mephitic Cloud           Conj/Pois/Air  0%         N/A       65%         3
 Ice Form                 Ice/Tmut       3%         N/A       86%         4


Dungeon Overview and Level Annotations

Branches:
Dungeon (3/15)

Altars:
Vehumet

Annotations:
D:3 Sigmund


Innate Abilities, Weirdness & Mutations

Your plain brown scales are hard. (AC +5)
You cannot fit into any form of body armour.
You are cold-blooded and may be slowed by cold attacks.


Message History

Deactivating autopickup; reactivate with Ctrl-A.
You feel less confused. Something hits you!
You miss something. Something hits you but does no damage.
Autopickup is now on.
Deactivating autopickup; reactivate with Ctrl-A.
You hit something but do no damage. Your punch misses something.
You miss something.
Your tail-slap misses something.
Something hits you. Something hits you. Something hits you but does no damage.
A puff of flame appears from out of thin air!
The puff of flame misses you. Something hits you!
* * * LOW HITPOINT WARNING * * *
There is a strange disturbance nearby!
You hear some strange, mumbled words.
Something tries to affect you, but you resist.
Found a slimy morningstar.
A kobold comes into view. It is wielding a +0 short sword.
You hear some strange, mumbled words.
Something tries to affect you, but you resist.
A kobold is nearby!
A kobold is nearby!
The kobold shouts!
You hear a shout!
You hear some strange, mumbled words.
You are confused.
A rat comes into view.
You hear some strange, mumbled words.
You are more confused.
A ball python comes into view.
There are monsters nearby!
There are monsters nearby!
There are monsters nearby!
There are monsters nearby!
You bump into the rock wall.
The ball python hisses angrily.
You hear a shout! x2
Something hits you!
* * * LOW HITPOINT WARNING * * *
You bump into the rock wall.
The ball python closely misses you. The ball python barely misses you.
Something hits you!
You die...

.. ..#..# #.##.#.##
#.###.## #.##.#..##
.. #..###
#.##.##.## ..#
##...#####.##.##..#
##
###....#####.###.#
####.......###.#
###....########...
##...#### #...
#.@### .......#.
#S## ....#####
#...rK# ### #
####...## # ####
##..#.). #
...#####...#... # #
##.........##.# . #
######.....#. #. #
#.....#. #.## #


You could see a ball python, a kobold and a rat.

Vanquished Creatures
  2 adders (D:2)
  2 dart slugs
  2 endoplasms
  3 goblins (D:1)
  A hobgoblin (D:1)
  2 jackals (D:2)
  2 ball pythons
14 creatures vanquished.

Notes
Turn   | Place    | Note
-------+----------+-------------------------------------------
     0 | D:1      | Escartes the Draconian Transmuter began the quest for the
                  | Orb.
     0 | D:1      | Reached XP level 1. HP: 16/16 MP: 3/3
   504 | D:1      | Reached XP level 2. HP: 21/23 MP: 5/5
  1024 | D:2      | Reached XP level 3. HP: 28/28 MP: 6/6
  1344 | D:3      | Found a radiant altar of Vehumet.
  1346 | D:3      | Identified the +1 robe "Zaum" {Will- Dex+5}
  1409 | D:3      | Became a worshipper of Vehumet
  1456 | D:3      | Found a faded altar of an unknown god.
  1507 | D:3      | Noticed Sigmund
  1545 | D:3      | Slain by Sigmund

Illustrated notes

Levels and vault maps discovered:
D:1:      lightli_arrival_statuegarden, layout_basic, minmay_distorted
D:2:      layout_loops_cross, minmay_misc_feat_columns, lightli_corner_chamber
D:3:      minmay_general_purpose_star, layout_rooms,
          mainiacjoe_overflow_catwalk, ebering_ecumenical_altar_ruins,
          item_on_display_a, uniq_sigmund

Skill      XL: |  1  2 |
---------------+-------+-----
Dodging        | 2 |  2.0
Fighting       | |  1.1
Unarmed Combat | |  3.6
Spellcasting   | |  2.4
Transmutations | |  2.2

Action                     || total
---------------------------++-------
  Melee: Dagger            ||    53
         Unarmed           ||     6
         Tailslap          ||    12
         Headbutt          ||     1
   Cast: Beastly Appendage ||     3
    Use: Scroll            ||     5
 Armour: Skin              ||    17
  Dodge: Dodged            ||    55
  Block: Other             ||     5

Table legend: (Time is in decaauts)
 A = Elapsed time spent in this place.
 B = Non-inter-level travel time spent in this place.
 C = Inter-level travel time spent in this place.
 D = Time resting spent in this place.
 E = Time spent auto-exploring this place.
 F = Levels seen in this place.
 G = Mean time per level.
                   A        B        C        D        E       F      G
               +--------+--------+--------+--------+--------+-----+--------+
         Total |   1550 |    252 |   1298 |      0 |      0 |   3 |  516.7 |
       Dungeon |   1550 |    252 |   1298 |      0 |      0 |   3 |  516.7 |
               +--------+--------+--------+--------+--------+-----+--------+

Top non-repeatable levels by time:
     D:1: 870 daAuts
     D:3: 406 daAuts
     D:2: 273 daAuts
